 Dungeon Crawl Stone Soup version 0.30-a0-4-ga7cffc901d (webtiles) character file.

Game seed: 5788993059064004780

313 greenreed the Poker (level 6, -8/48 HPs)
             Began as a Merfolk Monk on Aug 21, 2022.
             Was a Believer of Makhleb.
             Mangled by an orc warrior
             ... wielding a +0 hand axe
              (12 damage)
             ... on level 6 of the Dungeon.
             The game lasted 00:07:13 (2742 turns).

greenreed the Poker (Merfolk Monk)                  Turns: 2742, Time: 00:07:13

Health: -8/48      AC:  3    Str: 13    XL:     6   Next: 43%
Magic:  6/6        EV: 18    Int:  9    God:    Makhleb [**....]
Gold:   178        SH:  4    Dex: 17    Spells: 5/5 levels left

rFire   . . .      SeeInvis .    a - +0 spear
rCold   + . .      Faith    .    r - +0 buckler
rNeg    . . .      Spirit   .    b - +0 robe
rPois   .          Reflect  .    o - +0 helmet
rElec   .          Harm     .    (no cloak)
rCorr   .          Rampage  .    (no gloves)
Will    .....                    (no boots)
Stlth   +++.......               f - amulet of regeneration
HPRegen 0.96/turn                p - ring of protection from cold
MPRegen 0.10/turn                u - +4 ring of evasion

@: no status effects
A: (nimble swimmer 2), mertail
a: Renounce Religion, Minor Destruction


You were on level 6 of the Dungeon.
You worshipped Makhleb.
Makhleb was pleased with you.
You visited 2 branches of the dungeon, and saw 7 of its levels.

You collected 178 gold pieces.

Inventory:

Hand Weapons
 a - a +0 spear (weapon)
Missiles
 k - 5 poisoned darts
Armour
 b - a +0 robe (worn)
 o - a +0 helmet (worn)
 r - a +0 buckler (worn)
 A - a +0 tower shield
Jewellery
 f - an amulet of regeneration (around neck)
 p - a ring of protection from cold (left hand)
 u - a +4 ring of evasion (right hand)
 y - a ring of positive energy
 C - a ring of magical power
Scrolls
 e - 2 scrolls of fear {unknown}
 h - 2 scrolls of identify {unknown}
 i - a scroll of amnesia {unknown}
 j - 3 scrolls of poison {unknown}
 l - 3 scrolls of teleportation {unknown}
 t - a scroll of enchant armour {unknown}
 v - a scroll of vulnerability {unknown}
 x - a scroll of butterflies {unknown}
 B - a scroll of noise {unknown}
Potions
 c - a potion of ambrosia
 d - 2 potions of berserk rage {unknown}
 g - a potion of mutation {unknown}
 m - 3 potions of heal wounds {unknown}
 n - 2 potions of brilliance {unknown}
 q - a potion of haste {unknown}
 s - 2 potions of curing {unknown}
 w - a potion of lignification {unknown}
 z - a potion of magic {unknown}


   Skills:
 + Level 4.1 Fighting
 + Level 6.4 Polearms
 + Level 5.1 Dodging
 + Level 4.0 Stealth
 + Level 1.7 Shields
 * Level 0.3 Invocations


You had 5 spell levels left.
You didn't know any spells.
Your spell library contained the following spells:

 Spells                   Type           Power      Damage    Failure   Level
 Static Discharge         Conj/Air       0%         3-3/arc   63%         2
 Dazzling Flash           Conj/Hex       0%         N/A       85%         3
 Agony                    Necr           0%         N/A       100%        5
 Lightning Bolt           Conj/Air       0%         1d11      100%        5
 Silence                  Hex/Air        0%         N/A       100%        5
 Maxwell's Capacitive Co  Air            0%         ∞         100%        8


Dungeon Overview and Level Annotations

Branches:
Dungeon (7/15)             Temple (1/1) D:4

Altars:
Ashenzari
Elyvilon
Gozag
Hepliaklqana
Makhleb
Qazlal
Ru
Sif Muna
Vehumet
Wu Jian
Yredelemnul

Shops:
D:2 [


Innate Abilities, Weirdness & Mutations

((You are very nimble when in or above water. (Stealth+, EV+, Speed+++)))
Your lower body shifts to a powerful aquatic tail in water.


Message History

The orc warrior is lightly wounded.
You hit the orc warrior but do no damage.
The orc warrior is lightly wounded.
The orc warrior unwields a +0 arbalest.
The orc warrior wields a +0 hand axe.
The orc warrior completely misses you.
You hit the orc warrior but do no damage.
The orc warrior is lightly wounded.
The orc warrior hits you with a +0 hand axe!
You closely miss the orc warrior.
The orc warrior is lightly wounded.
Aiming: Minor Destruction (22% risk of failure)
Press: ? - help, Shift-Dir - straight line, f/p - orc warrior
Aim: an orc warrior, wielding a +0 hand axe and wearing a +0 chain mail (lightly wounded)
The zap hits the orc warrior.
The orc warrior is lightly wounded.
The orc warrior hits you with a +0 hand axe!
You closely miss the orc warrior.
The orc warrior is lightly wounded.
The orc warrior closely misses you.
You hit the orc warrior.
The orc warrior is moderately wounded.
The orc warrior hits you with a +0 hand axe!
You are too injured to fight recklessly!
You are too injured to fight recklessly!
You are too injured to fight recklessly!
You closely miss the orc warrior.
The orc warrior is moderately wounded.
The orc warrior hits you with a +0 hand axe!
* * * LOW HITPOINT WARNING * * *
You hit the orc warrior.
The orc warrior is moderately wounded.
The orc warrior closely misses you.
You hit the orc warrior.
The orc warrior is moderately wounded.
The orc warrior hits you with a +0 hand axe!
* * * LOW HITPOINT WARNING * * *
You hit the orc warrior but do no damage.
The orc warrior is moderately wounded.
The orc warrior hits you with a +0 hand axe!
You die...

.########
.......>#
.######.####
#.........#
#.####.##@#
....#o#
..##..#{#
#.. #..#.#
#. #..#.# .
#..#.#
#..#.# #.#


You could see an orc warrior.

Vanquished Creatures
  A phantom (D:4)
  A scorpion (D:3)
  An iguana (D:4)
  An orc wizard (D:6)
  5 adders
  4 worms
  2 orcs
  6 bats
  7 endoplasms
  3 giant cockroaches
  7 goblins
  3 hobgoblins
  2 jackals (D:2)
  5 quokkas
  7 ball pythons
  6 frilled lizards
  6 kobolds
  6 rats
73 creatures vanquished.

Vanquished Creatures (others)
  A plant (D:2)
1 creature vanquished.

Grand Total: 74 creatures vanquished

Notes
Turn   | Place    | Note
-------+----------+-------------------------------------------
     0 | D:1      | greenreed the Merfolk Monk began the quest for the Orb.
     0 | D:1      | Reached XP level 1. HP: 18/18 MP: 1/1
    12 | D:1      | Found a faded altar of an unknown god.
    94 | D:1      | Reached XP level 2. HP: 24/24 MP: 2/2
   353 | D:1      | Reached XP level 3. HP: 30/30 MP: 3/3
  1094 | D:2      | Found Huel's Antique Armour Boutique.
  1212 | D:2      | Reached XP level 4. HP: 37/37 MP: 4/4
  1520 | D:2      | Reached skill level 5 in Polearms
  1923 | D:3      | Noticed a scorpion
  1953 | D:3      | Killed a scorpion
  1954 | D:3      | Reached XP level 5. HP: 29/42 MP: 5/5
  2555 | D:4      | Noticed a phantom
  2560 | D:4      | Found a staircase to the Ecumenical Temple.
  2583 | D:4      | Killed a phantom
  2584 | D:4      | Reached skill level 6 in Polearms
  2584 | D:4      | Reached skill level 5 in Dodging
  2584 | D:4      | Reached skill level 1 in Shields
  2584 | D:4      | Reached XP level 6. HP: 48/48 MP: 6/6
  2625 | Temple   | Entered the Ecumenical Temple
  2660 | Temple   | Became a worshipper of Makhleb the Destroyer
  2660 | Temple   | Reached * piety under Makhleb
  2660 | Temple   | Reached ** piety under Makhleb
  2708 | D:4      | You fall into a shaft and drop 3 floors!
  2718 | D:6      | Noticed an orc warrior
  2742 | D:6      | Mangled by an orc warrior

Illustrated notes

Levels and vault maps discovered:
D:1:      saegor_arrival_simple_c, layout_basic,
          shapermc_ecumenical_altar_starsandcircs, minmay_shallow_snake_nest
D:2:      layout_loops_cross, serial_shops, nicolae_shop_overgrown_old_shop
D:3:      layout_loops_ring, chequers_garden
D:4:      layout_loops_ring, tso_oasis_becter, minmay_temple_entry_offerings,
          serial_park_tiny_2
D:6:      layout_basic, serial_park_tiny_1, minmay_statues_item
D:7:      layout_rooms, mainiacjoe_overflow_24_doors
Temple:   nicolae_temple_ecumenical_triangle

Skill      XL: |  1  2  3  4  5 |
---------------+----------------+-----
Stealth        | 3 4 |  4.0
Polearms       | 5 6 |  6.4
Fighting       | 4 |  4.1
Dodging        | 5 |  5.1
Shields        | 1 |  1.7
Invocations    | |  0.3

Action                   |  1- 3 |  4- 6 || total
-------------------------+-------+-------++-------
Melee: Spear             |   146 |   224 ||   370
Throw: Dart              |       |     1 ||     1
Invok: Minor Destruction |       |     6 ||     6
 Stab: Sleeping          |    15 |     9 ||    24
       Distracted        |     1 |       ||     1
Armor: Robe              |    14 |    18 ||    32
Dodge: Dodged            |    80 |    87 ||   167
Block: Buckler           |     5 |    26 ||    31

Table legend: (Time is in decaauts)
 A = Elapsed time spent in this place.
 B = Non-inter-level travel time spent in this place.
 C = Inter-level travel time spent in this place.
 D = Time resting spent in this place.
 E = Time spent auto-exploring this place.
 F = Levels seen in this place.
 G = Mean time per level.
                   A        B        C        D        E       F      G
               +--------+--------+--------+--------+--------+-----+--------+
         Total |   2696 |   2497 |    199 |      0 |   1849 |   7 |  385.1 |
       Dungeon |   2651 |   2469 |    182 |      0 |   1831 |   6 |  441.8 |
        Temple |     44 |     27 |     17 |      0 |     18 |   1 |   44.0 |
               +--------+--------+--------+--------+--------+-----+--------+

Top non-repeatable levels by time:
     D:1: 972 daAuts
     D:3: 872 daAuts
     D:2: 669 daAuts
     D:4: 105 daAuts
  Temple: 44 daAuts
     D:6: 25 daAuts
     D:7: 5 daAuts
